 Dungeon Crawl Stone Soup version 0.29-a0-721-g7f417c9bbb (console) character file.

Game seed: 12767683152146367470

875 jejorda2 the Carver (level 8, -4/64 HPs)
             Began as a Merfolk Berserker on June 27, 2022.
             Was a Believer of Trog.
             Slain by Menkaure (9 damage)
             ... on level 4 of the Dungeon.
             The game lasted 00:09:22 (4146 turns).

jejorda2 the Carver (Merfolk Berserker)             Turns: 4146, Time: 00:09:23

Health: -4/64      AC: 10    Str: 17    XL:     8   Next: 4%
Magic:  8/8        EV:  8    Int:  6    God:    Trog [**....]
Gold:   39         SH:  0    Dex: 16    Spells: 7/7 levels left

rFire   . . .      SeeInvis .   b - +0 short sword (speed)
rCold   . . .      Faith    .   (no shield)
rNeg    . . .      Spirit   .   p - +0 chain mail
rPois   .          Reflect  .   (no helmet)
rElec   .          Harm     .   (no cloak)
rCorr   .          Rampage  .   (no gloves)
Will    .....                   m - +0 pair of boots
Stlth   ..........              s - amulet of regeneration
HPRegen 1.00/turn               g - ring of flight
MPRegen 0.11/turn               (no ring)

@: on berserk cooldown, flying, slowed, very slow
A: (nimble swimmer 2), mertail
a: Renounce Religion, Berserk, Trog's Hand


You were on level 4 of the Dungeon.
You worshipped Trog.
Trog was pleased with you.
You visited 1 branch of the dungeon, and saw 4 of its levels.

You collected 109 gold pieces.
You spent 70 gold pieces at shops.

Inventory:

Hand Weapons
 a - a +0 long sword
 b - a +0 short sword of speed (weapon)
 t - a +0 antimagic dagger
Missiles
 c - 30 stones (quivered)
 r - 3 curare-tipped darts
Armour
 m - a +0 pair of boots (worn)
 p - a +0 chain mail (worn)
Jewellery
 g - a ring of flight (left hand)
 s - an amulet of regeneration (around neck)
Scrolls
 d - a scroll of blinking {unknown}
 i - a scroll of fear {unknown}
 k - 2 scrolls of enchant weapon {unknown}
 o - 2 scrolls of vulnerability {unknown}
 q - a scroll of teleportation
Potions
 e - a potion of magic
 f - 2 potions of curing
 h - a potion of might
 j - 2 potions of berserk rage {unknown}
 l - a potion of haste {unknown}
 n - a potion of ambrosia {unknown}


   Skills:
 + Level 5.8 Fighting
 * Level 8.3 Long Blades
 + Level 3.5 Armour
 - Level 2.6 Dodging


You had 7 spell levels left.
You didn't know any spells.
Your spell library was empty.

Dungeon Overview and Level Annotations

Branches:
Dungeon (4/15)
 Temple: D:4-7

Altars:
Makhleb

Shops:
D:3 :?

Annotations:
D:4 Menkaure


Innate Abilities, Weirdness & Mutations

((You are very nimble when in or above water. (Stealth+, EV+, Speed+++)))
Your lower body shifts to a powerful aquatic tail in water.


Message History

You hit Menkaure.
Menkaure is lightly damaged.
Menkaure gestures wildly while chanting.
Menkaure seems to speed up.
You barely miss Menkaure.
Menkaure is lightly damaged.
Menkaure hits you but does no damage.
You hit Menkaure but do no damage.
Menkaure is lightly damaged.
Menkaure closely misses you.
You hit Menkaure.
Menkaure is moderately damaged.
Menkaure hits you!!
You hit Menkaure.
Menkaure is moderately damaged.
Menkaure hits you.
You hit Menkaure.
Menkaure is moderately damaged.
Menkaure calls on the powers of darkness!
Your body is wracked with pain!
You barely miss Menkaure.
Menkaure is moderately damaged.
Menkaure breathes soot at you. Menkaure barely misses you.
You hit Menkaure but do no damage.
Menkaure is moderately damaged.
Menkaure barely misses you. Menkaure hits you!
* * * LOW HITPOINT WARNING * * *
You hit Menkaure.
Menkaure is heavily damaged.
Menkaure casts a spell at you. Pain shoots through your body!
* * * LOW HITPOINT WARNING * * *
You hit Menkaure but do no damage.
Menkaure is heavily damaged.
You hit Menkaure.
Menkaure is heavily damaged.
Menkaure grins.
Menkaure hits you!
You die...

#.#.....#.#.##........#
#.... <.
####..#.#.##.......##
#.... .
##.#.#.##.......# #.###
#.#.#)##.......# #...#
..#.#)##.......# #....
..#............# #....
###..........# #.###
#M.........# #.###
#.@........# #..##
#.....###### #....
.......# #####
.........# ...........#
............
.............
..............


You could see Menkaure (fast).

Vanquished Creatures
  Pikel (D:4)
  An ogre (D:4)
  A lemure (D:4)
  A scorpion (D:4)
  A necrophage (D:4)
  2 jellies
  Natasha (D:4)
  Terence (D:2)
  2 adders (D:2)
  An ufetubus (D:4)
  2 dart slugs (D:1)
  An orc (D:4)
  12 endoplasms
  2 giant cockroaches
  6 goblins
  2 hobgoblins
  7 jackals
  8 quokkas
  12 ball pythons
  4 bats
  5 frilled lizards
  6 kobolds
  6 rats
85 creatures vanquished.

Vanquished Creatures (others)
  A fungus (D:1)
1 creature vanquished.

Grand Total: 86 creatures vanquished

Notes
Turn   | Place    | Note
-------+----------+-------------------------------------------
     0 | D:1      | jejorda2 the Merfolk Berserker began the quest for the Orb.
     0 | D:1      | Reached XP level 1. HP: 18/18 MP: 1/1
    56 | D:1      | Reached XP level 2. HP: 17/24 MP: 2/2
   150 | D:1      | Reached skill level 4 in Long Blades
   918 | D:1      | Found a faded altar of an unknown god.
   949 | D:1      | Reached XP level 3. HP: 26/29 MP: 3/3
  1179 | D:1      | Reached ** piety under Trog
  1728 | D:2      | Reached XP level 4. HP: 13/37 MP: 4/4
  1976 | D:2      | Noticed Terence
  1984 | D:2      | Killed Terence
  1985 | D:2      | Reached skill level 5 in Long Blades
  2300 | D:3      | Found Fieskas's Book Shop.
  2314 | D:3      | Reached XP level 5. HP: 42/42 MP: 5/5
  2425 | D:3      | Found a burning altar of Makhleb.
  2554 | D:3      | Found Ushes's Book Boutique.
  2580 | D:3      | Found Boohufeg's Magic Scroll Shoppe.
  2596 | D:3      | Bought a scroll of teleportation for 42 gold pieces
  2596 | D:3      | Bought a scroll of identify for 28 gold pieces
  3471 | D:4      | Reached skill level 6 in Long Blades
  3534 | D:4      | Reached XP level 6. HP: 42/49 MP: 6/6
  4087 | D:4      | Noticed Pikel
  4106 | D:4      | Noticed Natasha
  4115 | D:4      | Killed Pikel
  4116 | D:4      | Reached skill level 5 in Fighting
  4116 | D:4      | Reached skill level 8 in Long Blades
  4116 | D:4      | Reached XP level 7. HP: 56/56 MP: 7/7
  4123 | D:4      | Killed Natasha
  4123 | D:4      | Noticed Menkaure
  4127 | D:4      | Reached XP level 8. HP: 64/64 MP: 8/8
  4144 | D:4      | HP: 3/64 [Menkaure/nerve-wracking pain (8)]
  4146 | D:4      | Slain by Menkaure

Illustrated notes

Levels and vault maps discovered:
D:1:      dpeg_arrival_rhombi, layout_rooms, shapermc_ecumenical_altar_ellora
D:2:      layout_rooms, uniq_terence
D:3:      layout_basic, bloody_makhleb, serial_shops, nicolae_diamond_shop,
          nicolae_shop_temple_entry_statues_fountains, nicolae_shop_waterfront,
          kennysheep_generic_room_7
D:4:      minmay_recursive_quarters, layout_basic, uniq_natasha, uniq_pikel,
          uniq_menkaure

Skill      XL: |  1  2  3  4  5  6 |
---------------+-------------------+-----
Long Blades    | 4 5 6 8 |  8.3
Armour         | 2 3 |  3.5
Fighting       | 4 5 |  5.8
Dodging        | |  2.6

Action                   |  1- 3 |  4- 6 |  7- 9 || total
-------------------------+-------+-------+-------++-------
Melee: Falchion          |    95 |       |       ||    95
       Punch             |     2 |     3 |     1 ||     6
       Short sword       |    16 |   231 |    25 ||   272
Throw: Stone             |       |     1 |       ||     1
Invok: Berserk           |       |     6 |       ||     6
       Trog's Hand       |       |     1 |       ||     1
  Use: Scroll            |       |     4 |       ||     4
Armor: Animal skin       |    13 |       |       ||    13
       Leather armour    |    11 |       |       ||    11
       Scale mail        |       |     9 |       ||     9
       Chain mail        |       |    57 |     3 ||    60
Dodge: Dodged            |    65 |    77 |     6 ||   148

Table legend: (Time is in decaauts)
 A = Elapsed time spent in this place.
 B = Non-inter-level travel time spent in this place.
 C = Inter-level travel time spent in this place.
 D = Time resting spent in this place.
 E = Time spent auto-exploring this place.
 F = Levels seen in this place.
 G = Mean time per level.
                   A        B        C        D        E       F      G
               +--------+--------+--------+--------+--------+-----+--------+
         Total |   4089 |   3965 |    124 |    426 |   2777 |   4 | 1022.2 |
       Dungeon |   4089 |   3965 |    124 |    426 |   2777 |   4 | 1022.2 |
               +--------+--------+--------+--------+--------+-----+--------+

Top non-repeatable levels by time:
     D:1: 1427 daAuts
     D:3: 1094 daAuts
     D:4: 833 daAuts
     D:2: 734 daAuts
